 Dungeon Crawl Stone Soup version 0.29-a0-613-gf2c431b9b9 (webtiles) character file.

Game seed: 1073980754306504629

12 vineage the Skirmisher (level 2, 0/19 HPs)
             Began as a Gargoyle Fighter on June 16, 2022.
             Slain by a gnoll
             ... wielding a +0 club
              (3 damage)
             ... on level 1 of the Dungeon.
             The game lasted 00:00:50 (532 turns).

vineage the Skirmisher (Gargoyle Fighter)            Turns: 532, Time: 00:00:51

Health: 0/19       AC:  9    Str: 19    XL:     2   Next: 33%
Magic:  2/2        EV:  9    Int:  8    God:
Gold:   50         SH:  4    Dex:  9    Spells: 1/1 levels left

rFire   + . .      SeeInvis .   a - +0 flail
rCold   . . .      Faith    .   c - +0 buckler
rNeg    + . .      Spirit   .   b - +0 scale mail
rPois   ∞          Reflect  .   (helmet restricted)
rElec   +          Harm     .   (no cloak)
rCorr   .          Rampage  .   (no gloves)
Will    .....                   (no boots)
Stlth   ..........              (no amulet)
HPRegen 0.00/turn               (no ring)
MPRegen 0.08/turn               (no ring)

@: mighty, inhibited regen
A: sickness immunity, AC +2, negative energy resistance 1, electricity
resistance, torment resistance 1, petrification resistance, antennae 1, hooves
1, fire resistance 1, inhibited regeneration
a: no special abilities


You were on level 1 of the Dungeon.
You visited 1 branch of the dungeon, and saw 1 of its levels.

You collected 50 gold pieces.

Inventory:

Hand Weapons
 a - a +0 flail (weapon)
Armour
 b - a +0 scale mail (worn)
 c - a +0 buckler (worn)
Scrolls
 f - a scroll of poison {unknown}
 g - a scroll of identify {unknown}


   Skills:
 * Level 3.5 Fighting
 * Level 2.3 Maces & Flails
 + Level 3.4 Armour
 + Level 3.4 Shields


You had one spell level left.
You didn't know any spells.
Your spell library was empty.

Dungeon Overview and Level Annotations

Branches:
Dungeon (1/15)

Altars:

Shops:
D:1 [


Innate Abilities, Weirdness & Mutations

You are immune to sickness and miasma.
Your stone body is resilient. (AC +2)
You are immune to poison.
You resist negative energy. (rN+)
You are resistant to electric shocks. (rElec)
You are resistant to unholy torment.
You are immune to petrification.
You have a pair of small antennae on your head.
You have large cloven feet.
Your flesh is heat resistant. (rF+)
You do not regenerate when monsters are visible.


Message History

A goblin comes into view. It is wielding a +2 dagger of draining.
The goblin shouts!
A goblin is nearby!
You hit the goblin.
The goblin is heavily wounded.
The goblin hits you but does no damage. The goblin barely misses you.
You barely miss the goblin.
The goblin is heavily wounded.
The goblin hits you with a +2 dagger of draining.
You barely miss the goblin.
The goblin is heavily wounded.
The goblin hits you with a +2 dagger of draining.
You closely miss the goblin.
The goblin is heavily wounded.
The goblin hits you with a +2 dagger of draining.
You sock the goblin!
You kill the goblin!
A gnoll comes into view. It is wielding a +0 club.
The gnoll shouts!
Things that are here:
a +2 dagger of draining; a goblin corpse You barely miss the gnoll.
The gnoll hits you but does no damage.
You hit the gnoll.
The gnoll is moderately wounded.
The gnoll hits you with a +0 club!
* * * LOW HITPOINT WARNING * * *
The gnoll hits you but does no damage.
You are too injured to fight recklessly!
You are too injured to fight recklessly!
You are too injured to fight recklessly!
You are too injured to fight recklessly!
You are too injured to fight recklessly!
A gnoll is nearby!
It was a potion of mutation.
You feel extremely strange.
Your feet thicken and deform.
Your regeneration stops near monsters.
You feel resistant to heat. A pair of antennae grows on your head!
The gnoll hits you but does no damage.
You feel very mighty all of a sudden. The gnoll hits you with a +0 club.
You die...

. #### # #.. #
####.####### #
#".........# ###
#.##.#####.##########..
#..@g.#.†...........
#####.#..#######.#..
#..# #..... #..# #.....
..... #..... #.#..##
##.#.. #.#..# #.#.# #
#..# #.... #..# #....


You could see a gnoll.

Vanquished Creatures
  2 bats (D:1)
  An endoplasm (D:1)
  2 giant cockroaches (D:1)
  2 goblins (D:1)
  A quokka (D:1)
  A frilled lizard (D:1)
  A kobold (D:1)
  A rat (D:1)
11 creatures vanquished.

Notes
Turn   | Place    | Note
-------+----------+-------------------------------------------
     0 | D:1      | vineage the Gargoyle Fighter began the quest for the Orb.
     0 | D:1      | Reached XP level 1. HP: 14/14 MP: 1/1
     3 | D:1      | Noticed an electric eel
     4 | D:1      | Noticed an electric eel
   220 | D:1      | Found Quceoc's Armour Shop.
   313 | D:1      | Reached XP level 2. HP: 18/19 MP: 2/2
   531 | D:1      | Gained mutation: You have large cloven feet. [potion of
                  | mutation]
   531 | D:1      | Gained mutation: You do not regenerate when monsters are
                  | visible. [potion of mutation]
   531 | D:1      | Gained mutation: Your flesh is heat resistant. (rF+)
                  | [potion of mutation]
   531 | D:1      | Gained mutation: You have a pair of small antennae on your
                  | head. [potion of mutation]
   532 | D:1      | Slain by a gnoll

Illustrated notes

Levels and vault maps discovered:
D:1:      arrival_aquarium_b, layout_loops_ring, serial_shops,
          nicolae_shop_crystal, dilly_ecumenical_altar_fadedgnrine,
          hangedman_decor_opposing, chequers_serial_rivers_small_a

Action                   || total
-------------------------++-------
Melee: Flail             ||    52
  Use: Potion            ||     2
Armor: Scale mail        ||    34
Dodge: Dodged            ||    26
Block: Buckler           ||    10

Table legend: (Time is in decaauts)
 A = Elapsed time spent in this place.
 B = Non-inter-level travel time spent in this place.
 C = Inter-level travel time spent in this place.
 D = Time resting spent in this place.
 E = Time spent auto-exploring this place.
 F = Levels seen in this place.
 G = Mean time per level.
                   A        B        C        D        E       F      G
               +--------+--------+--------+--------+--------+-----+--------+
         Total |    549 |    520 |     29 |      0 |    404 |   1 |  549.0 |
       Dungeon |    549 |    520 |     29 |      0 |    404 |   1 |  549.0 |
               +--------+--------+--------+--------+--------+-----+--------+

Top non-repeatable levels by time:
     D:1: 549 daAuts
